 Dungeon Crawl Stone Soup version 0.31.0-11-ge490571c62 (webtiles) character file.

Game seed: 12399209852488140460

65 qw the Shooter (level 3, -5/20 HPs)
             Began as a Deep Elf Hunter on Feb 3, 2024.
             Slain by a gnoll
             ... wielding a +0 whip
              (7 damage)
             ... on level 3 of the Dungeon.
             The game lasted 00:00:05 (1778 turns).

qw the Shooter (Deep Elf Hunter)                    Turns: 1778, Time: 00:00:05

Health: -5/20      AC:  3    Str:  8 (10) XL:     3   Next: 94%
Magic:  5/5        EV: 12    Int: 12 (13) God:
Gold:   135        SH:  0    Dex: 17 (18) Spells: 2/2 levels left

rFire   . . .        a - +0 shortbow
rCold   . . .        (shield currently unavailable)
rNeg    . . .        c - +0 leather armour
rPois   .            (no helmet)
rElec   .            (no cloak)
rCorr   .            (no gloves)
SInv    .            (no boots)
Will    .....        (no amulet)
Stlth   ++           (no ring)
HPRegen 0.23/turn    (no ring)
MPRegen 0.09/turn

%: no passive effects
@: about to teleport
A: no striking features
a: no special abilities


You were on level 3 of the Dungeon.
You visited 1 branch of the dungeon, and saw 3 of its levels.

You collected 135 gold pieces.


   Skills:
 - Level 1.5 Fighting
 + Level 7.4 Ranged Weapons
 - Level 2.4 Dodging
 - Level 1.2 Stealth


You had 2 spell levels left.
You didn't know any spells.
Your spell library was empty.

Inventory:

Hand Weapons
 a - a +0 shortbow (weapon)
Armour
 c - a +0 leather armour (worn)
Jewellery
 n - a +6 ring of dexterity
Scrolls
 l - 2 scrolls of noise {unknown}
 o - a scroll of vulnerability {unknown}
Potions
 b - 2 potions of resistance {unknown}
 d - a potion of lignification {unknown}
 e - a potion of curing
 f - a potion of brilliance {unknown}
 g - a potion of might {unknown}
 h - a potion of magic {unknown}
 i - a potion of invisibility {unknown}
 j - a potion of mutation {unknown}
 m - a potion of heal wounds {unknown}

Dungeon Overview and Level Annotations

Branches:
Dungeon (3/15)

Altars:


Message History

The gnoll is severely wounded.
You shoot an arrow.
The arrow hits the gnoll but does no damage.
The gnoll is severely wounded.
The gnoll closely misses you.
You shoot an arrow. The arrow hits the gnoll!
You kill the gnoll!
You shoot an arrow. The arrow hits the gnoll.
The gnoll is heavily wounded.
The gnoll hits you from afar with a +0 spear!
You shoot an arrow. The arrow hits the gnoll.
The gnoll is almost dead.
The gnoll hits you from afar with a +0 spear.
You shoot an arrow. The arrow closely misses the gnoll.
The arrow barely misses the gnoll.
The gnoll closely misses you.
You shoot an arrow. The arrow hits the gnoll.
You kill the gnoll!
You feel your intelligence returning.
1770 ||| FLEEEEING.
1771 ||| FLEEEEING.
1772 ||| FLEEEEING.
You start resting.
A gnoll is nearby!
You shoot an arrow. The arrow completely misses the gnoll.
The gnoll closely misses you. The gnoll hits you with a +0 whip.
1775 ||| READING scroll of teleportation.
As you read the scroll of teleportation, it crumbles to dust.
You feel strangely unstable. The gnoll closely misses you.
You shoot an arrow. The arrow closely misses the gnoll.
The gnoll hits you with a +0 whip.
You shoot an arrow. The arrow hits the gnoll.
The gnoll is lightly wounded.
The gnoll misses you.
You shoot an arrow.
The arrow hits the gnoll but does no damage.
The gnoll is lightly wounded.
The gnoll hits you with a +0 whip!
You die...

#........#.......# #.#
####..##.##.......#.###.#
....>..%.................
####...#.########.......#
#.).#.# #.#.##### #.#.#.#
#.#.# #.#...# #.#.# #
#.g.########.#.#
#.#@.........#.#
#g##.#########..
#)##..........
#)##.#...%###
#.##.#.......<
#.##.#.###.... #.##...#
... #.###### .. #.#


You could see a gnoll.

Vanquished Creatures
  2 gnolls (D:3)
  An adder (D:2)
  A dart slug (D:2)
  An orc (D:3)
  3 endoplasms
  A giant cockroach (D:1)
  A goblin (D:1)
  3 hobgoblins
  3 quokkas
  6 ball pythons
  9 bats
  A frilled lizard (D:2)
  3 rats (D:1)
35 creatures vanquished.

Notes
Turn   | Place    | Note
-------+----------+-------------------------------------------
     0 | D:1      | qw the Deep Elf Hunter began the quest for the Orb.
     0 | D:1      | Reached XP level 1. HP: 12/12 MP: 3/3
     0 | D:1      | 0 ||| qw: Version: 0.3-a-158-g18b3111
     0 | D:1      | 0 ||| qw: Game counter: 4287
     0 | D:1      | 0 ||| qw: Melee chars always use a shield: true
     0 | D:1      | 0 ||| qw: God list: Okawaru
     0 | D:1      | 0 ||| qw: Allow faded altars: false
     0 | D:1      | 0 ||| qw: Do Orc after clearing Dungeon:15 true
     0 | D:1      | 0 ||| qw: Do second Lair branch before Depths: true
     0 | D:1      | 0 ||| qw: Lair rune preference: random
     0 | D:1      | 0 ||| qw: Goals: Normal
     0 | D:1      | 0 ||| PLANNING D:1-11
   485 | D:1      | Reached skill level 6 in Ranged Weapons
   485 | D:1      | Reached XP level 2. HP: 16/16 MP: 4/4
   685 | D:1      | 685 ||| DROPPING ring of magical power.
   686 | D:1      | 686 ||| READING scroll labelled ISIRET REANAGH.
   687 | D:1      | 687 ||| READING 2 scrolls labelled VUSOEBLUIRU.
   691 | D:1      | 691 ||| READING scroll labelled GORROD JAUNIV.
   691 | D:1      | 691 ||| IDENTIFYING metallic orange potion
   692 | D:1      | 692 ||| DRINKING 2 yellow potions.
   693 | D:1      | 693 ||| DROPPING scroll of butterflies.
   694 | D:1      | 694 ||| DROPPING potion of berserk rage.
   695 | D:1      | 695 ||| DROPPING potion of degeneration.
  1077 | D:2      | Reached XP level 3. HP: 20/20 MP: 5/5
  1552 | D:2      | 1552 ||| READING scroll labelled YNIBLE ESMEAT.
  1553 | D:2      | 1553 ||| READING scroll labelled HOOGE XI COICS.
  1554 | D:2      | 1554 ||| DRINKING 2 bubbling blue potions.
  1760 | D:3      | Reached skill level 7 in Ranged Weapons
  1770 | D:3      | 1770 ||| FLEEEEING.
  1771 | D:3      | 1771 ||| FLEEEEING.
  1772 | D:3      | 1772 ||| FLEEEEING.
  1774 | D:3      | HP: 5/20 [gnoll/+0 whip (4)]
  1775 | D:3      | 1775 ||| READING scroll of teleportation.
  1776 | D:3      | HP: 1/20 [gnoll/+0 whip (4)]
  1778 | D:3      | Slain by a gnoll

Levels and vault maps discovered:
D:1:      minmay_arrival_widening_spiral_narrow, layout_rooms
D:2:      layout_basic, amcnicky_mini_rare_corridor_liquid,
          nicolae_houndstooth_variations
D:3:      kennysheep_goblin_castle, layout_basic, glass_columns_b

Skill      XL: |  1  2  3 |
---------------+----------+-----
Ranged Weapons | 6 7 |  7.4
Fighting       | |  1.5
Dodging        | |  2.4
Stealth        | |  1.2

Action                     || total
---------------------------++-------
   Fire: Shortbow          ||    91
    Use: Scroll            ||     6
         Potion            ||     2
 Armour: Leather armour    ||    15
  Dodge: Dodged            ||    19

Table legend:
 A = Non-vault XP
 B = Vault XP
 C = Vault XP percentage of total XP
 D = Non-vault monster count
 E = Vault monster count
 F = Vault count percentage of total count
                 A         B        C        D         E       F
            +---------+---------+-------+---------+---------+-------
      Total |      94 |       0 |   0.0 |      35 |       0 |   0.0
            +---------+---------+-------+---------+---------+-------
        D:1 |      22 |       0 |   0.0 |      15 |       0 |   0.0
        D:2 |      32 |       0 |   0.0 |      12 |       0 |   0.0
        D:3 |      40 |       0 |   0.0 |       8 |       0 |   0.0
            +---------+---------+-------+---------+---------+-------
